 Dungeon Crawl Stone Soup version 0.30-a0-964-gd452b5e7fa (webtiles) character file.

Game seed: 9712649101698022066

219 juan097 the Chopper (level 5, 0/46 HPs)
             Began as a Minotaur Berserker on Mar 30, 2023.
             Was a Believer of Trog.
             Killed by divine providence
             ... invoked by an orc priest
              (16 damage)
             ... on level 4 of the Dungeon.
             The game lasted 00:03:53 (2471 turns).

juan097 the Chopper (Minotaur Berserker)            Turns: 2471, Time: 00:03:54

Health: 0/46       AC:  8    Str: 24    XL:     5   Next: 63%
Magic:  4/4        EV: 10    Int: 10    God:    Trog [**....]
Gold:   131        SH:  0    Dex:  9    Spells: 4/4 levels left

rFire   . . .      SeeInvis .    a - +0 hand axe
rCold   . . .      Faith    .    (no shield)
rNeg    . . .      Spirit   .    g - +0 scale mail
rPois   .          Reflect  .    (helmet restricted)
rElec   .          Rampage  .    (no cloak)
rCorr   .                        s - +0 pair of gloves
Will    .....                    (no boots) Stlth
                                 (no amulet)
HPRegen 0.27/turn                r - +6 ring of intelligence
MPRegen 0.09/turn                (no ring)

@: no status effects
A: horns 2, retaliatory headbutt
a: Renounce Religion, Berserk, Trog's Hand


You were on level 4 of the Dungeon.
You worshipped Trog.
Trog was pleased with you.
You visited 1 branch of the dungeon, and saw 4 of its levels.

You collected 131 gold pieces.

Inventory:

Hand Weapons
 a - a +0 hand axe (weapon)
Missiles
 c - 10 boomerangs (quivered)
 u - 5 curare-tipped darts
Armour
 g - a +0 scale mail (worn)
 s - a +0 pair of gloves (worn)
Jewellery
 r - a +6 ring of intelligence (left hand)
Wands
 v - a wand of flame (25)
 w - a wand of roots (5)
Scrolls
 b - a scroll of fog {unknown}
 d - a scroll of fear {unknown}
 e - 3 scrolls of identify {unknown}
 f - a scroll of magic mapping {unknown}
 i - 2 scrolls of torment {unknown}
 j - a scroll of teleportation {unknown}
 m - a scroll of blinking {unknown}
 o - a scroll of silence {unknown}
 t - a scroll of enchant weapon {unknown}
Potions
 h - a potion of attraction {unknown}
 k - 2 potions of berserk rage {unknown}
 l - a potion of cancellation {unknown}
 n - 2 potions of ambrosia {unknown}
 p - a potion of curing {unknown}
 q - 2 potions of haste {unknown}
 x - a potion of mutation {unknown}


   Skills:
 + Level 4.1 Fighting
 + Level 6.3 Axes
 + Level 3.2 Armour
 + Level 3.0 Dodging
 + Level 1.2 Stealth


You had 4 spell levels left.
You didn't know any spells.
Your spell library was empty.

Dungeon Overview and Level Annotations

Branches:
Dungeon (4/15)
 Temple: D:4-7

Altars:
Trog

Shops:
D:2 [

Annotations:
D:4 Robin


Innate Abilities, Weirdness & Mutations

You have a pair of horns on your head.
You reflexively headbutt those who attack you in melee.


Message History

a +0 war axe; a +0 robe; an orc corpse You barely miss the orc.
An adder comes into view.
You hit the orc but do no damage. You slash the orc wizard!
The orc wizard is heavily wounded.
You hit the orc. The orc closely misses you.
The orc wizard hits you with a +0 dagger.
You hit the orc.
You kill the orc!
Trog accepts your kill.
You barely miss the orc wizard. The orc wizard closely misses you.
You closely miss the orc wizard.
The orc wizard is heavily wounded.
The orc priest looks satisfied for a moment.
The orc wizard completely misses you. You furiously retaliate!
You headbutt the orc wizard!
You kill the orc wizard!
Trog accepts your kill.
Trog appreciates your killing of a magic user.
Your Dodging skill increases to level 3!
You slash the adder! Your headbutt misses the adder.
The adder is severely wounded.
The orc priest invokes the aid of Beogh against you.
Pain shoots through your body! The adder barely misses you.
You closely miss the adder.
The adder is severely wounded.
The orc priest invokes the aid of Beogh against you.
Beogh smites you! The adder closely misses you.
You are too injured to fight recklessly!
You are too injured to fight recklessly!
You barely miss the adder. You headbutt the adder.
The adder is almost dead.
The adder bites you but does no damage.
You slash the orc priest!
The orc priest is severely wounded.
You hit the adder but do no damage. The adder bites you but does no damage.
The orc priest calls down the wrath of Beogh upon you.
Beogh smites you!
You die...

#B.# #..#............#
.g.####................#
##. ##..
#..>...............#....
#.
...........##...<.......
..
.......s................
...........#.......#...#
#........####.##.### ...
...)....##......## #
......o@.........###
.##...S)....###....#
#.#..#####.........#
....# ##.#....### .....
###.###### .... #....#
... ##..## ... ####


You could see a scorpion, an orc priest and an adder.

Vanquished Creatures
  Natasha (thrice) (D:3)
  An orc wizard (D:4)
  Terence (D:2)
  3 adders
  2 worms
  2 orcs (D:4)
  An endoplasm (D:1)
  2 giant cockroaches (D:1)
  17 goblins
  7 hobgoblins
  4 jackals (D:1)
  2 kobolds (D:2)
  3 quokkas
  3 ball pythons
  5 bats
  2 frilled lizards
  2 rats
60 creatures vanquished.

Notes
Turn   | Place    | Note
-------+----------+-------------------------------------------
     0 | D:1      | juan097 the Minotaur Berserker began the quest for the Orb.
     0 | D:1      | Reached XP level 1. HP: 19/19 MP: 0/0
   159 | D:1      | Reached skill level 4 in Axes
   273 | D:1      | Reached XP level 2. HP: 16/26 MP: 1/1
   422 | D:1      | Found a faded altar of an unknown god.
   527 | D:1      | Reached skill level 5 in Axes
   748 | D:2      | Reached ** piety under Trog
   749 | D:2      | Reached XP level 3. HP: 31/31 MP: 2/2
  1228 | D:2      | Noticed Terence
  1240 | D:2      | Killed Terence
  1241 | D:2      | Reached skill level 6 in Axes
  1241 | D:2      | Reached XP level 4. HP: 40/40 MP: 3/3
  1318 | D:2      | Found Iqoamu's Armour Shoppe.
  1802 | D:3      | Noticed Natasha
  1807 | D:3      | Killed Natasha
  1829 | D:3      | Found a bloodstained altar of Trog.
  2020 | D:3      | Noticed Natasha
  2027 | D:3      | Killed Natasha
  2028 | D:3      | Reached XP level 5. HP: 36/46 MP: 4/4
  2035 | D:3      | Noticed Natasha
  2043 | D:3      | Killed Natasha
  2044 | D:3      | Reached skill level 1 in Stealth
  2324 | D:4      | Noticed Robin
  2471 | D:4      | Killed from afar by an orc priest

Illustrated notes

Levels and vault maps discovered:
D:1:      ncdulo_smallfort, layout_rooms, chequers_ecumenical_altar_twisty,
          nrook_uturn
D:2:      cheibrodos_old_hovel, layout_basic, serial_shops,
          nicolae_shop_waterfront, serial_bayou_lagoon_a, uniq_terence
D:3:      layout_basic, lemuel_round_altar, minmay_unequal, uniq_natasha
D:4:      layout_cave_pools, minmay_temple_entry_stoned_glass,
          uniq_blork_the_orc, uniq_eustachio, uniq_robin

Skill      XL: |  1  2  3  4  5 |
---------------+----------------+-----
Axes           | 4 5 6 |  6.3
Fighting       | 4 |  4.1
Armour         | 3 |  3.2
Stealth        | 1 |  1.2
Dodging        | 3 |  3.0

Action                     |  1- 3 |  4- 6 || total
---------------------------+-------+-------++-------
  Melee: Hand axe          |    60 |    59 ||   119
         Headbutt          |     6 |     7 ||    13
  Throw: Boomerang         |     1 |     1 ||     2
 Invoke: Berserk           |     1 |       ||     1
 Armour: Leather armour    |     8 |       ||     8
         Scale mail        |    11 |    27 ||    38
  Dodge: Dodged            |    39 |    29 ||    68

Table legend: (Time is in decaauts)
 A = Elapsed time spent in this place.
 B = Non-inter-level travel time spent in this place.
 C = Inter-level travel time spent in this place.
 D = Time resting spent in this place.
 E = Time spent auto-exploring this place.
 F = Levels seen in this place.
 G = Mean time per level.
                   A        B        C        D        E       F      G
               +--------+--------+--------+--------+--------+-----+--------+
         Total |   2489 |   2379 |    110 |     64 |   1950 |   4 |  622.2 |
       Dungeon |   2489 |   2379 |    110 |     64 |   1950 |   4 |  622.2 |
               +--------+--------+--------+--------+--------+-----+--------+

Top non-repeatable levels by time:
     D:2: 906 daAuts
     D:3: 828 daAuts
     D:1: 713 daAuts
     D:4: 41 daAuts
